 Dungeon Crawl Stone Soup version 0.30-a0-297-g0ec75d9ef4 (webtiles) character file.

Game seed: 4749213238288733381

1178 purpskrrrp the Grappler (level 8, -9/74 HPs)
             Began as a Troll Fighter on Oct 19, 2022.
             Was an Initiate of Makhleb.
             Shot with an arrow by a centaur (13 damage)
             ... on level 5 of the Dungeon.
             The game lasted 00:07:37 (3421 turns).

purpskrrrp the Grappler (Troll Fighter)             Turns: 3421, Time: 00:07:38

Health: -9/74      AC:  4    Str: 27    XL:     8   Next: 18%
Magic:  7/7        EV:  9    Int:  4    God:    Makhleb [......]
Gold:   204        SH:  8    Dex: 15    Spells: 7/7 levels left

rFire   . . .      SeeInvis .      - Unarmed
rCold   . . .      Faith    .    b - +0 kite shield
rNeg    . . .      Spirit   .    a - +0 robe
rPois   +          Reflect  .    (helmet restricted)
rElec   .          Harm     .    (no cloak)
rCorr   .          Rampage  .    (gloves unavailable)
Will    .....                    (boots unavailable)
Stlth   +.........               (no amulet)
HPRegen 1.12/turn                e - ring of poison resistance
MPRegen 0.10/turn                m - +6 ring of dexterity

@: no status effects
A: large, unfitting armour, claws 3, regeneration 1, shaggy fur 1, tough skin 1
a: Renounce Religion


You were on level 5 of the Dungeon.
You worshipped Makhleb.
Makhleb was noncommittal.
You visited 1 branch of the dungeon, and saw 5 of its levels.
You also visited: Sewer.

You collected 262 gold pieces.
You spent 58 gold pieces at shops.

Inventory:

Armour
 a - a +0 robe (worn)
 b - a +0 kite shield (worn)
Jewellery
 e - a ring of poison resistance (left claw)
 h - a ring of ice
 m - a +6 ring of dexterity (right claw)
 p - an amulet of the acrobat
Wands
 r - a wand of light (7)
Scrolls
 f - 3 scrolls of teleportation
 q - a scroll of vulnerability
Potions
 c - a potion of might
 d - 2 potions of cancellation
 g - 2 potions of resistance
 i - a potion of attraction
 j - a potion of lignification {unknown}
 k - 2 potions of magic
 l - a potion of berserk rage {unknown}
 n - a potion of brilliance
 t - 2 potions of haste
 u - a potion of heal wounds {unknown}
 w - a potion of invisibility {unknown}


   Skills:
 - Level 2.4 Fighting
 - Level 2.4 Dodging
 - Level 2.6 Shields
 + Level 10.0 Unarmed Combat


You had 7 spell levels left.
You didn't know any spells.
Your spell library was empty.

Dungeon Overview and Level Annotations

Branches:
Dungeon (5/15)              Sewer (visited)
 Temple: D:4-7

Altars:
Ru

Shops:
D:4 *!

Annotations:
D:5 Dowan


Innate Abilities, Weirdness & Mutations

You are too large for most types of armour.
You have claws for hands.
Your natural rate of healing is unusually fast.
You are covered in fur. (AC +1)
You have tough skin. (AC +1)


Message History

Makhleb accepts your kill.
Dowan mumbles some strange words.
Dowan blinks!
The centaur wields a +4 shortbow.
The centaur shoots an arrow.
The arrow hits you!
* * * LOW HITPOINT WARNING * * *
Your Unarmed Combat skill increases to level 10!
The centaur unwields a +4 shortbow.
The centaur hits you but does no damage.
The centaur kicks you but does no damage.
Things that are here:
a +0 flail; a necrophage corpse; an orc corpse You scratch the centaur.
The centaur is moderately wounded.
The centaur hits you.
* * * LOW HITPOINT WARNING * * *
You block the centaur's attack. The centaur hits you.
* * * LOW HITPOINT WARNING * * *
The centaur kicks you but does no damage.
You scratch the centaur.
The centaur is moderately wounded.
The centaur hits you.
* * * LOW HITPOINT WARNING * * *
The centaur kicks you but does no damage.
You claw the centaur!
The centaur is severely wounded.
The centaur hits you.
* * * LOW HITPOINT WARNING * * *
The centaur closely misses you.
Dowan says, "Magic will overcome all!"
The centaur barely misses you.
The centaur kicks you but does no damage.
Okay, then.
As you read the scroll of fog, it crumbles to dust.
The scroll dissolves into smoke.
The centaur hits you.
* * * LOW HITPOINT WARNING * * *
The centaur kicks you.
* * * LOW HITPOINT WARNING * * *
The centaur wields a +4 shortbow.
The centaur shoots an arrow.
The arrow hits you!
You die...

#.........##
#...........
#.......... #.........
#.......# #.......#
#.......# #..)...o#####
#...#
#......oc§@§######...#
#......o###§#........#
#.......# #§#.####...#
##.########.#.#......#
#. .................#
#. ..........#.##...#
#### #.
.................# #...
..........#.#....###.##
###########.#........#.


You could see a centaur.

Vanquished Creatures
  Sigmund (D:3)
  Duvessa (D:5)
  An ice beast (D:4)
  A phantom (D:4)
  2 kobold brigands (Sewer)
  A necrophage (D:5)
  A scorpion (D:4)
  A quasit (Sewer)
  Jessica (D:3)
  An iguana (D:4)
  5 adders
  A river rat (D:4)
  2 shadow imps (Sewer)
  A white imp (D:4)
  4 ufetubi (Sewer)
  3 worms
  3 dart slugs
  5 orcs
  6 endoplasms
  21 giant cockroaches
  4 goblins
  10 hobgoblins
  11 jackals
  3 quokkas
  9 ball pythons
  3 bats
  A frilled lizard (D:3)
  24 kobolds
  A kobold zombie (Sewer)
  4 rats
132 creatures vanquished.

Vanquished Creatures (others)
  Grinder (Sewer)
  An endoplasm (Sewer)
2 creatures vanquished.

Grand Total: 134 creatures vanquished

Notes
Turn   | Place    | Note
-------+----------+-------------------------------------------
     0 | D:1      | purpskrrrp the Troll Fighter began the quest for the Orb.
     0 | D:1      | Reached XP level 1. HP: 22/22 MP: 0/0
   279 | D:1      | Reached XP level 2. HP: 29/29 MP: 1/1
   346 | D:1      | Reached skill level 3 in Unarmed Combat
   667 | D:2      | Reached XP level 3. HP: 22/36 MP: 2/2
   755 | D:2      | Reached skill level 4 in Unarmed Combat
   885 | D:2      | Reached XP level 4. HP: 44/44 MP: 3/3
  1216 | D:3      | Noticed Jessica
  1219 | D:3      | Killed Jessica
  1220 | D:3      | Reached skill level 5 in Unarmed Combat
  1363 | D:3      | Noticed Sigmund
  1379 | D:3      | Killed Sigmund
  1380 | D:3      | Reached skill level 6 in Unarmed Combat
  1380 | D:3      | Reached XP level 5. HP: 50/50 MP: 4/4
  1380 | D:3      | Reached XP level 6. HP: 59/59 MP: 5/5
  1472 | D:3      | Found a faded altar of an unknown god.
  1617 | D:3      | Found a sacrificial altar of Ru.
  2006 | D:4      | Noticed an ice beast
  2009 | D:4      | Killed an ice beast
  2010 | D:4      | Reached skill level 7 in Unarmed Combat
  2094 | D:4      | Reached XP level 7. HP: 60/66 MP: 6/6
  2166 | D:4      | Reached skill level 8 in Unarmed Combat
  2301 | D:4      | Found a glowing drain.
  2324 | Sewer    | Entered a sewer
  2431 | Sewer    | Found a burning altar of Makhleb.
  2462 | Sewer    | Noticed Grinder
  2475 | Sewer    | Paralysed by Grinder for 4 turns
  2477 | Sewer    | Killed Grinder
  2478 | Sewer    | Reached skill level 9 in Unarmed Combat
  2541 | Sewer    | Reached XP level 8. HP: 60/74 MP: 7/7
  2915 | Sewer    | Became a worshipper of Makhleb the Destroyer
  3089 | D:4      | Found Hiuwn's Distillery.
  3097 | D:4      | Found Pilanidi's Assorted Antiques.
  3131 | D:4      | Bought 2 scrolls labelled HALEUPUREWK for 58 gold pieces
  3231 | D:5      | Entered Level 5 of the Dungeon
  3385 | D:5      | Noticed Dowan
  3387 | D:5      | Noticed Duvessa
  3398 | D:5      | Killed Duvessa
  3416 | D:5      | Reached skill level 10 in Unarmed Combat
  3420 | D:5      | HP: 3/74 [centaur (1)]
  3421 | D:5      | Shot with an arrow by a centaur

Illustrated notes

Levels and vault maps discovered:
D:1:      reono_arrival_mine, layout_basic, grunt_decor_junction
D:2:      minmay_inner_zag, layout_basic, kennysheep_generic_room_15
D:3:      minmay_roachtagon, layout_basic, nicolae_ru_path_of_blood,
          ebering_ecumenical_altar_webs, uniq_jessica, uniq_sigmund
D:4:      layout_loops_ring, portal_sewer_entry_a, nicolae_wooded_promenade,
          eino_curves_01
D:5:      layout_basic, lemuel_mausoleum_altar_kikubaaqudgha,
          minmay_temple_entry_steel_oval, uniq_edmund, uniq_duvessa

Skill      XL: |  1  2  3  4  5  6  7  8 |
---------------+-------------------------+-----
Unarmed Combat | 3 4 6 7 9 10 | 10.0
Fighting       | |  2.4
Dodging        | |  2.4
Shields        | |  2.6

Action                   |  1- 3 |  4- 6 |  7- 9 || total
-------------------------+-------+-------+-------++-------
Melee: Unarmed           |   103 |    87 |   129 ||   319
  Use: Scroll            |       |     7 |     8 ||    15
       Potion            |       |       |     1 ||     1
 Stab: Sleeping          |       |     2 |     2 ||     4
Armor: Robe              |    34 |    22 |    53 ||   109
Dodge: Dodged            |    30 |    19 |    72 ||   121
Block: Kite shield       |    31 |    24 |    89 ||   144

Table legend: (Time is in decaauts)
 A = Elapsed time spent in this place.
 B = Non-inter-level travel time spent in this place.
 C = Inter-level travel time spent in this place.
 D = Time resting spent in this place.
 E = Time spent auto-exploring this place.
 F = Levels seen in this place.
 G = Mean time per level.
                   A        B        C        D        E       F      G
               +--------+--------+--------+--------+--------+-----+--------+
         Total |   3440 |   3371 |     69 |    333 |   2245 |   6 |  573.3 |
       Dungeon |   2822 |   2753 |     69 |    142 |   2042 |   5 |  564.4 |
         Sewer |    618 |    618 |      0 |    191 |    203 |   1 |  618.0 |
               +--------+--------+--------+--------+--------+-----+--------+

Top non-repeatable levels by time:
     D:4: 728 daAuts
     D:3: 725 daAuts
     D:1: 641 daAuts
   Sewer: 618 daAuts
     D:2: 538 daAuts
     D:5: 189 daAuts
